 Dungeon Crawl Stone Soup version 0.27-a0-1202-ge72e49191c (webtiles) character file.

Game seed: 7325360942748241820

20827 bjtr the Nimble (level 12, -7/92 HPs)
             Began as a Gnoll Arcane Marksman on June 2, 2021.
             Was a Priest of Vehumet.
             Mangled by a white ugly thing (32 damage)
             ... on level 11 of the Dungeon on June 4, 2021.
             The game lasted 01:33:41 (11598 turns).

bjtr the Nimble (Gnoll Arcane Marksman)            Turns: 11598, Time: 01:33:42

Health: -7/92      AC: 16    Str: 11    XL:     12   Next: 83%
Magic:  23/23      EV: 15    Int: 16    God:    Vehumet [***...]
Gold:   1116       SH: 11    Dex: 13    Spells: 2/26 levels left

rFire    . . .     SeeInvis +   x - +5 long sword of Doom {vorpal, Drain rN+ SInv}
rCold    . . .     Faith    .   y - +0 buckler
rNeg     + . .     Spirit   .   v - +0 troll leather armour {Purgy}
rPois    .         Reflect  +   J - +1 helmet
rElec    .         Harm     .   I - +1 cloak {Stlth+}
rCorr    .         Rampage  .   l - +1 pair of gloves
Will     .....                  (no boots)
Stlth    ++++......             f - amulet of reflection
HPRegen  1.25/turn              W - +4 ring of slaying
MPRegen  0.18/turn              k - +4 ring of protection

@: no status effects
A: fangs 1, strong nose, distributed training
a: Renounce Religion


You were on level 11 of the Dungeon.
You worshipped Vehumet.
Vehumet was most pleased with you.
You visited 2 branches of the dungeon, and saw 12 of its levels.
You also visited: Sewer and Ossuary.

You collected 1911 gold pieces.
You spent 795 gold pieces at shops.

Inventory:

Hand Weapons
 a - a +4 flail of holy wrath
 b - a +3 hand crossbow
 n - a +0 war axe
 x - the +5 long sword of Doom (weapon) {vorpal, Drain rN+ SInv}
   (You took it off an orc on level 4 of the Dungeon)

   It inflicts extra damage upon your enemies.
   It protects you from negative energy.
   It lets you see invisible.
   It drains your maximum health when unequipped.
 E - a +1 vorpal battleaxe
 Q - a +3 quarterstaff of chaos
Missiles
 d - 137 bolts
 e - a curare-tipped dart
 g - 2 silver boomerangs
 s - 7 atropa-tipped darts
 t - 5 silver javelins (quivered)
 H - 5 javelins
 K - 4 boomerangs of dispersal
Armour
 l - a +1 pair of gloves (worn)
 r - +0 steam dragon scales
 v - a +0 troll leather armour (worn) {Purgy}
 y - a +0 buckler (worn)
 I - a +1 cloak of stealth (worn)
 J - a +1 helmet (worn)
Jewellery
 f - an amulet of reflection (around neck)
 h - a ring of wizardry
 k - a +4 ring of protection (right hand)
 z - a +6 ring of strength
 N - a +4 ring of evasion
 W - a +4 ring of slaying (left hand)
 Y - a ring of protection from cold
Wands
 c - a wand of iceblast (19)
 i - a wand of charming (6)
 j - a wand of polymorph (8)
 m - a wand of digging (11)
 G - a wand of flame (25)
 X - a wand of acid (13)
Scrolls
 u - a scroll of magic mapping
 A - 10 scrolls of teleportation
 F - a scroll of blinking
Potions
 o - a potion of flight
 p - 8 potions of curing
 w - 3 potions of brilliance
 B - 2 potions of haste
 C - a potion of ambrosia
 D - 2 potions of heal wounds
 R - 2 potions of berserk rage
 U - a potion of magic
 Z - a potion of resistance {unknown}


   Skills:
 + Level 7.8 Fighting
 + Level 7.3 Short Blades
 + Level 7.3 Long Blades
 + Level 7.3 Axes
 + Level 7.3 Maces & Flails
 + Level 7.3 Polearms
 + Level 7.3 Staves
 + Level 7.3 Slings
 + Level 7.3 Bows
 + Level 8.7 Crossbows
 + Level 7.3 Throwing
 + Level 7.3 Armour
 + Level 8.7 Dodging
 + Level 7.3 Stealth
 + Level 7.3 Shields
 + Level 7.3 Unarmed Combat
 + Level 7.9 Spellcasting
 + Level 6.1 Conjurations
 + Level 8.3 Hexes
 + Level 6.1 Summonings
 + Level 6.1 Necromancy
 + Level 6.1 Translocations
 + Level 6.1 Transmutations
 + Level 6.1 Fire Magic
 + Level 6.1 Ice Magic
 + Level 6.1 Air Magic
 + Level 6.1 Earth Magic
 + Level 6.1 Poison Magic
 + Level 8.0 Invocations
 + Level 7.3 Evocations


You had 2 spell levels left.
You knew the following spells:

 Your Spells              Type           Power      Damage    Failure   Level
a - Corona                Hex            35%        N/A       1%          1
b - Slow                  Hex            32%        N/A       1%          2
c - Inner Flame           Hex/Fire       29%        N/A       1%          3
d - Portal Projectile     Hex/Tloc       58%        N/A       2%          3
e - Call Imp              Summ           25%        N/A       1%          2
f - Blink                 Tloc           N/A        N/A       1%          2
g - Mephitic Cloud        Conj/Pois/Air  25%        N/A       1%          3
h - Ignite Poison         Fire/Tmut/Pois 25%        N/A       1%          3
i - Irradiate             Conj/Tmut      12%        3d17      9%          5

Your spell library contained the following spells:

 Spells                   Type           Power      Damage    Failure   Level
 Static Discharge         Conj/Air       25%        N/A       1%          2
 Animate Skeleton         Necr           50%        N/A       1%          1
 Apportation              Tloc           50%        N/A       1%          1
 Beastly Appendage        Tmut           50%        N/A       1%          1
 Freeze                   Ice            100%       1d11      1%          1
 Magic Dart               Conj           100%       1d8       1%          1
 Pain                     Necr           100%       1d9       1%          1
 Summon Small Mammal      Summ           100%       N/A       1%          1
 Passwall                 Tmut/Erth      20%        N/A       1%          2
 Wereblood                Tmut           25%        N/A       1%          2
 Conjure Flame            Conj/Fire      25%        6-21      1%          3
 Frozen Ramparts          Ice            50%        1d7       1%          3
 Summon Guardian Golem    Hex/Summ       29%        N/A       2%          3
 Call Canine Familiar     Summ           25%        N/A       3%          3
 Ozocubu's Armour         Ice            25%        N/A       3%          3
 Vampiric Draining        Necr           12%        2d7       3%          3
 Hailstorm                Conj/Ice       25%        3d7       3%          4
 Cause Fear               Hex            16%        N/A       4%          4
 Yara's Violent Unravell  Hex/Tmut       14%        3d7       5%          5
 Leda's Liquefaction      Hex/Erth       14%        N/A       8%          4
 Animate Dead             Necr           12%        N/A       12%         4
 Petrify                  Tmut/Erth      25%        N/A       12%         4
 Summon Ice Beast         Ice/Summ       25%        N/A       12%         4
 Summon Lightning Spire   Summ/Air       25%        N/A       12%         4
 Metabolic Englaciation   Hex/Ice        14%        N/A       21%         5
 Silence                  Hex/Air        14%        N/A       21%         5
 Agony                    Necr           25%        N/A       32%         5
 Discord                  Hex            16%        N/A       100%        8


Dungeon Overview and Level Annotations

Branches:
Dungeon (11/15)            Temple (1/1) D:7            Lair (0/6) D:8
  Sewer (visited)         Ossuary (visited)
    Orc: D:9-12

Altars:
Ashenzari
Cheibriados
Dithmenos
Elyvilon
Fedhas
Gozag
Hepliaklqana
Kikubaaqudgha
Makhleb
Nemelex Xobeh
Okawaru
Qazlal
Ru
Sif Muna
Trog
Uskayaw
Vehumet
Wu Jian
Xom
Yredelemnul
Zin
The Shining One

Shops:
D:4 !*   D:10 *

Annotations:
D:11 Erolcha


Innate Abilities, Weirdness & Mutations

You have very sharp teeth.
Your uncanny sense of smell can sniff out nearby items.
Your experience applies equally to all skills.


Message History

Found a stone staircase leading down.
Found a stone staircase leading up.
Found 12 stones.
d - 137 bolts (gained 20)
You now have 1116 gold pieces (gained 13).
A white ugly thing comes into view.
Found a club.
The helpless white ugly thing fails to defend itself.
You slash the white ugly thing!
The white ugly thing is lightly wounded.
The white ugly thing gores you but does no damage.
You hit the white ugly thing.
The white ugly thing is moderately wounded.
The white ugly thing barely misses you.
You riposte.
You closely miss the white ugly thing.
The white ugly thing is moderately wounded.
You hit the white ugly thing.
The white ugly thing is moderately wounded.
The white ugly thing closely misses you.
You slash the white ugly thing!
The white ugly thing is heavily wounded.
The white ugly thing gores you! The white ugly thing freezes you!!
You hit the white ugly thing.
The white ugly thing is heavily wounded.
The white ugly thing gores you. The white ugly thing freezes you!!
You slash the white ugly thing! You bite the white ugly thing.
The white ugly thing is severely wounded.
You block the white ugly thing's attack.
You closely miss the white ugly thing. Your bite misses the white ugly thing.
The white ugly thing is severely wounded.
The white ugly thing misses you.
You slash the white ugly thing! You bite the white ugly thing.
The white ugly thing is almost dead.
You block the white ugly thing's attack.
You barely miss the white ugly thing.
The white ugly thing is almost dead.
The white ugly thing gores you!
* * * LOW HITPOINT WARNING * * *
The white ugly thing freezes you!!
You die...

# #. ∆ #.### ######
##...##### #.....
##........#######....
##..............###...
##.......#.............
##.........###..........
##......@....#####.......
#......u......# ####....
#..............# ###..
#...............# ##.
#................# #..
.................# #...
.#................ #...
#.....^.......... #..
##).............


You could see a white ugly thing.

Vanquished Creatures
  Josephine (D:10)
  A hydra (D:11)
  A two-headed ogre (D:8)
  A cyclops (D:9)
  Maurice (D:10)
  A freezing wraith (D:10)
  A kobold demonologist (D:11)
  3 hornets (D:9)
  4 wraiths (D:10)
  2 wyverns
  10 yaks
  2 vampire mosquitoes (D:10)
  A steam dragon (D:8)
  Duvessa (D:4)
  2 water moccasins
  2 ice beasts
  Purgy (Sewer)
  3 sky beasts
  6 necrophages (D:6)
  3 ogres
  3 orc warriors
  4 centaurs
  2 phantoms
  An elf zombie (Ossuary)
  3 bullfrogs
  2 kobold brigands
  3 scorpions
  A water moccasin zombie (D:6)
  Dowan (D:4)
  10 killer bees (D:9)
  4 howler monkeys
  2 oklob saplings (D:9)
  2 bullfrog zombies (D:6)
  A jelly (D:6)
  2 hounds (D:5)
  2 centaur zombies
  2 centaur skeletons (D:7)
  7 orc priests
  An iguana (D:5)
  Crazy Yiuf (D:2)
  6 bullfrog skeletons
  Ijyb (D:3)
  Natasha (thrice) (D:4)
  8 orc wizards
  A hell rat (D:8)
  2 hound zombies (D:5)
  4 mummies (Ossuary)
  Robin (D:4)
  6 adders
  2 river rats (D:8)
  A shadow imp (D:5)
  2 white imps (D:8)
  An ufetubus (D:3)
  An adder zombie (D:5)
  A dart slug (D:4)
  22 orcs
  11 bats
  5 endoplasms
  7 giant cockroaches
  2 gnoll zombies (Ossuary)
  11 goblins
  6 hobgoblins
  11 jackals
  30 kobolds
  13 quokkas
  9 ball pythons
  4 frilled lizards
  A hobgoblin zombie (Ossuary)
  A kobold zombie (Ossuary)
  An orc zombie (Ossuary)
  8 rats
283 creatures vanquished.

Vanquished Creatures (collateral kills)
  A gnoll zombie (Ossuary)
  2 jackal zombies (Ossuary)
  2 orc zombies (Ossuary)
  A rat zombie (Ossuary)
6 creatures vanquished.

Vanquished Creatures (others)
  A killer bee (D:9)
  A kobold (D:4)
  2 bushes (D:6)
  75 plants
79 creatures vanquished.

Grand Total: 368 creatures vanquished

Notes
Turn   | Place    | Note
-------+----------+-------------------------------------------
     0 | D:1      | bjtr the Gnoll Arcane Marksman began the quest for the Orb.
     0 | D:1      | Reached XP level 1. HP: 17/17 MP: 4/4
   121 | D:1      | Reached XP level 2. HP: 23/23 MP: 5/5
   519 | D:1      | Reached XP level 3. HP: 23/28 MP: 7/7
  1208 | D:1      | Learned a level 2 spell: Slow
  1212 | D:1      | Learned a level 3 spell: Inner Flame
  1290 | D:2      | Found a faded altar of an unknown god.
  1307 | D:2      | Reached skill level 1 in Invocations
  1660 | D:2      | Found a white marble altar of Elyvilon.
  1946 | D:2      | Found a runed translucent door.
  1947 | D:2      | Noticed Crazy Yiuf
  2267 | D:2      | Killed Crazy Yiuf
  2268 | D:2      | Reached skill level 1 in Short Blades
  2268 | D:2      | Reached skill level 1 in Long Blades
  2268 | D:2      | Reached skill level 1 in Axes
  2268 | D:2      | Reached skill level 1 in Maces & Flails
  2268 | D:2      | Reached skill level 1 in Polearms
  2268 | D:2      | Reached skill level 1 in Staves
  2268 | D:2      | Reached skill level 1 in Slings
  2268 | D:2      | Reached skill level 1 in Bows
  2268 | D:2      | Reached skill level 1 in Throwing
  2268 | D:2      | Reached skill level 1 in Armour
  2268 | D:2      | Reached skill level 1 in Stealth
  2268 | D:2      | Reached skill level 1 in Shields
  2268 | D:2      | Reached skill level 1 in Unarmed Combat
  2268 | D:2      | Reached skill level 1 in Evocations
  2268 | D:2      | Reached XP level 4. HP: 33/34 MP: 2/8
  2543 | D:3      | Noticed Ijyb
  2567 | D:3      | Killed Ijyb
  2568 | D:3      | Reached skill level 1 in Conjurations
  2568 | D:3      | Reached skill level 1 in Summonings
  2568 | D:3      | Reached skill level 1 in Necromancy
  2568 | D:3      | Reached skill level 1 in Translocations
  2568 | D:3      | Reached skill level 1 in Transmutations
  2568 | D:3      | Reached skill level 1 in Fire Magic
  2568 | D:3      | Reached skill level 1 in Ice Magic
  2568 | D:3      | Reached skill level 1 in Air Magic
  2568 | D:3      | Reached skill level 1 in Earth Magic
  2568 | D:3      | Reached skill level 1 in Poison Magic
  2737 | D:3      | Reached XP level 5. HP: 36/40 MP: 9/9
  3101 | D:4      | Found a glowing golden altar of the Shining One.
  3119 | D:4      | Found Ariguss's Distillery.
  3256 | D:4      | Noticed Duvessa
  3256 | D:4      | Noticed Dowan
  3310 | D:4      | Found Lidom's General Store.
  3347 | D:4      | Found a glowing drain.
  3359 | Sewer    | Entered a sewer
  3415 | Sewer    | Noticed Purgy
  3432 | Sewer    | Learned a level 3 spell: Portal Projectile
  3475 | Sewer    | Killed Purgy
  3476 | Sewer    | Reached skill level 5 in Crossbows
  3476 | Sewer    | Reached skill level 5 in Dodging
  3476 | Sewer    | Reached XP level 6. HP: 36/47 MP: 1/11
  3802 | D:4      | Bought a potion of heal wounds for 50 gold pieces
  3826 | D:4      | Noticed Natasha
  3834 | D:4      | Killed Natasha
  3842 | D:4      | Identified the +5 long sword of Doom {vorpal, Drain rN+
                  | SInv}
  3976 | D:4      | Noticed Robin
  3986 | D:4      | Killed Robin
  4105 | D:4      | Reached XP level 7. HP: 52/52 MP: 12/12
  4364 | D:4      | Learned a level 2 spell: Call Imp
  4511 | D:4      | Noticed Natasha
  4519 | D:4      | Killed Natasha
  4619 | D:4      | Noticed Natasha
  4631 | D:4      | Killed Natasha
  4751 | D:4      | Killed Dowan
  4762 | D:4      | Killed Duvessa
  4877 | D:5      | Entered Level 5 of the Dungeon
  4948 | D:5      | Found a sand-covered staircase.
  5030 | Ossuary  | Entered an ossuary
  5063 | Ossuary  | Reached XP level 8. HP: 60/60 MP: 11/14
  5063 | Ossuary  | Upgraded the game from 0.27-a0-1200-g94dc6ad4cf to
                  | 0.27-a0-1202-ge72e49191c
  5344 | Ossuary  | Identified a scroll of acquirement
  6070 | D:5      | Found a hide-covered altar of Uskayaw.
  6275 | D:6      | Reached XP level 9. HP: 66/66 MP: 16/16
  6391 | D:6      | Reached skill level 5 in Spellcasting
  6562 | D:6      | Found a blossoming altar of Fedhas.
  6700 | D:6      | Reached skill level 5 in Fighting
  6719 | D:6      | Found a radiant altar of Vehumet.
  6722 | D:6      | Became a worshipper of Vehumet
  7137 | D:7      | Reached skill level 5 in Invocations
  7384 | D:7      | Reached * piety under Vehumet
  7384 | D:7      | Offered knowledge of Shock by Vehumet.
  7589 | D:7      | Found a staircase to the Ecumenical Temple.
  7613 | D:7      | Reached XP level 10. HP: 74/74 MP: 18/18
  7628 | D:7      | Learned a level 2 spell: Blink
  7632 | D:7      | Learned a level 3 spell: Mephitic Cloud
  7681 | D:7      | Found a hazy altar of Hepliaklqana.
  7682 | D:7      | Found a shimmering altar of Xom.
  7683 | D:7      | Noticed a spectral ugly thing
  7725 | Temple   | Entered the Ecumenical Temple
  7851 | D:8      | Noticed a death yak
  7851 | D:8      | Noticed a death yak
  7852 | D:8      | Noticed a death yak
  7854 | D:8      | Noticed a two-headed ogre
  8054 | D:8      | Reached skill level 5 in Short Blades
  8054 | D:8      | Reached skill level 5 in Long Blades
  8054 | D:8      | Reached skill level 5 in Axes
  8054 | D:8      | Reached skill level 5 in Maces & Flails
  8054 | D:8      | Reached skill level 5 in Polearms
  8054 | D:8      | Reached skill level 5 in Staves
  8054 | D:8      | Reached skill level 5 in Slings
  8054 | D:8      | Reached skill level 5 in Bows
  8054 | D:8      | Reached skill level 5 in Throwing
  8054 | D:8      | Reached skill level 5 in Armour
  8054 | D:8      | Reached skill level 5 in Stealth
  8054 | D:8      | Reached skill level 5 in Shields
  8054 | D:8      | Reached skill level 5 in Unarmed Combat
  8054 | D:8      | Reached skill level 5 in Evocations
  8213 | D:8      | Found a staircase to the Lair.
  8295 | D:8      | Killed a two-headed ogre
  9197 | D:9      | Reached ** piety under Vehumet
  9198 | D:9      | Offered knowledge of Sandblast by Vehumet.
  9396 | D:9      | Noticed a cyclops
  9403 | D:9      | Killed a cyclops
  9500 | D:9      | Reached XP level 11. HP: 69/83 MP: 18/20
 10059 | D:9      | Reached skill level 5 in Conjurations
 10059 | D:9      | Reached skill level 5 in Summonings
 10059 | D:9      | Reached skill level 5 in Necromancy
 10059 | D:9      | Reached skill level 5 in Translocations
 10059 | D:9      | Reached skill level 5 in Transmutations
 10059 | D:9      | Reached skill level 5 in Fire Magic
 10059 | D:9      | Reached skill level 5 in Ice Magic
 10059 | D:9      | Reached skill level 5 in Air Magic
 10059 | D:9      | Reached skill level 5 in Earth Magic
 10059 | D:9      | Reached skill level 5 in Poison Magic
 10468 | D:10     | Entered Level 10 of the Dungeon
 10476 | D:10     | Offered knowledge of Static Discharge by Vehumet.
 10487 | D:10     | Found a shimmering blue altar of Sif Muna.
 10585 | D:10     | Acquired 477 gold pieces
 10588 | D:10     | Acquired 653 gold pieces
 10653 | D:10     | Noticed Josephine
 10709 | D:10     | Noticed Maurice
 10723 | D:10     | Killed Maurice
 10804 | D:10     | Found Opren's Changing Room.
 10957 | D:10     | Killed Josephine
 10998 | D:10     | Bought Sif Muna's Compendium of Moulding for 745 gold
                  | pieces
 11063 | D:10     | Reached *** piety under Vehumet
 11134 | D:10     | Found a basalt altar of Yredelemnul.
 11134 | D:10     | Found a broken altar of Ashenzari.
 11278 | D:10     | Learned a level 3 spell: Ignite Poison
 11284 | D:10     | Learned a level 5 spell: Irradiate
 11311 | D:11     | Noticed an eight-headed hydra
 11322 | D:11     | Killed an eight-headed hydra
 11484 | D:11     | Noticed Erolcha
 11510 | D:11     | Reached XP level 12. HP: 92/92 MP: 21/23
 11598 | D:11     | Mangled by a white ugly thing

Illustrated notes

Levels and vault maps discovered:
D:1:      arrival_zaba_pyramid, layout_basic
D:2:      layout_rooms, ebering_ecumenical_altar_petrified, basic_altar,
          uniq_crazy_yiuf_cottage
D:3:      layout_basic, uniq_ijyb
D:4:      kennysheep_kobold_camp, layout_loops_ring, lemuel_crystal_altar,
          serial_shops, nicolae_shop_stone, nicolae_shop_statue_plus,
          gup_sewer_entry_pipe, st_stairs_4, uniq_natasha, uniq_robin,
          uniq_duvessa
D:5:      minmay_razor_zed, layout_loops_ring, kennysheep_mini,
          nicolae_ossuary_entry_false_entrances, hangedman_decor_riveting
D:6:      layout_basic, kennysheep_mini_moat, fedhas_altar_decomposition,
          minivault_26
D:7:      layout_gridville, regret_index_temple_of_mockery,
          minmay_temple_entry_hall, chequers_serial_rivers_small_3
D:8:      layout_basic, dpeg_lair_monsters
D:9:      layout_long_grid, minmay_misc_feat_columns, hangedman_decor_opposing,
          introduction_to_nature_2
D:10:     layout_rooms, gammafunk_temple_overflow_wave, old_standard_altar,
          nicolae_transmutations_shop, uniq_maurice, uniq_josephine
D:11:     layout_cave_pods, zombieorc1_lemuel, grunt_ministairs_5,
          okawaru_altar_gauntlet_db, uniq_erolcha
Temple:   cyrus_circular_temple

Skill      XL: |  1  2  3  4  5  6  7  8  9 10 11 |
---------------+----------------------------------+-----
Invocations    | 1 2 3 4 5 6 8 |  8.0
Short Blades   | 1 2 3 4 5 7 |  7.3
Long Blades    | 1 2 3 4 5 7 |  7.3
Axes           | 1 2 3 4 5 7 |  7.3
Maces & Flails | 1 2 3 4 5 7 |  7.3
Polearms       | 1 2 3 4 5 7 |  7.3
Staves         | 1 2 3 4 5 7 |  7.3
Slings         | 1 2 3 4 5 7 |  7.3
Bows           | 1 2 3 4 5 7 |  7.3
Throwing       | 1 2 3 4 5 7 |  7.3
Armour         | 1 2 3 4 5 7 |  7.3
Stealth        | 1 2 3 4 5 7 |  7.3
Shields        | 1 2 3 4 5 7 |  7.3
Unarmed Combat | 1 2 3 4 5 7 |  7.3
Spellcasting   | 3 4 5 6 7 |  7.9
Evocations     | 1 2 3 4 5 7 |  7.3
Conjurations   | 1 2 3 4 6 |  6.1
Summonings     | 1 2 3 4 6 |  6.1
Necromancy     | 1 2 3 4 6 |  6.1
Translocations | 1 2 3 4 6 |  6.1
Transmutations | 1 2 3 4 6 |  6.1
Fire Magic     | 1 2 3 4 6 |  6.1
Ice Magic      | 1 2 3 4 6 |  6.1
Air Magic      | 1 2 3 4 6 |  6.1
Earth Magic    | 1 2 3 4 6 |  6.1
Poison Magic   | 1 2 3 4 6 |  6.1
Fighting       | 3 4 5 6 7 |  7.8
Crossbows      | 5 6 7 8 |  8.7
Dodging        | 5 6 7 8 |  8.7
Hexes          | 6 7 8 |  8.3

Action                   |  1- 3 |  4- 6 |  7- 9 | 10-12 || total
-------------------------+-------+-------+-------+-------++-------
Melee: Dagger            |    90 |       |       |       ||    90
       Bite              |    10 |     9 |    23 |    27 ||    69
       Mace              |     9 |     9 |       |       ||    18
       Quarterstaff      |       |   162 |    79 |    25 ||   266
       Flail             |       |       |   190 |   125 ||   315
       Punch             |       |       |     5 |     3 ||     8
       Long sword        |       |       |    44 |    61 ||   105
       Battleaxe         |       |       |       |    53 ||    53
 Fire: Hand crossbow     |    50 |    13 |    20 |    53 ||   136
Throw: Javelin           |       |       |     6 |     4 ||    10
       Boomerang         |       |       |     2 |       ||     2
 Cast: Corona            |    11 |    11 |     2 |     6 ||    30
       Slow              |     3 |     5 |    10 |    16 ||    34
       Portal Projectile |       |     2 |       |       ||     2
       Call Imp          |       |       |     3 |     8 ||    11
       Inner Flame       |       |       |     6 |    18 ||    24
       Mephitic Cloud    |       |       |       |     5 ||     5
       Blink             |       |       |       |     3 ||     3
  Use: Scroll            |       |    12 |    11 |     7 ||    30
       Potion            |       |       |       |     2 ||     2
 Stab: Sleeping          |     2 |     2 |     5 |     5 ||    14
       Petrified         |       |       |     2 |       ||     2
       Petrifying        |       |       |     1 |       ||     1
       Distracted        |       |       |     1 |     1 ||     2
       Confused          |       |       |       |     2 ||     2
Armor: Robe              |    12 |       |       |       ||    12
       Leather armour    |     1 |    60 |       |       ||    61
       Troll leather arm |       |    15 |   147 |   116 ||   278
Dodge: Dodged            |    60 |   124 |   176 |   232 ||   592
Block: Other             |    24 |    33 |    54 |    76 ||   187
       Reflection        |       |       |     2 |     5 ||     7
       Buckler           |       |       |       |    11 ||    11
       Rpst.: Long sword |       |       |     6 |    17 ||    23

Table legend: (Time is in decaauts)
 A = Elapsed time spent in this place.
 B = Non-inter-level travel time spent in this place.
 C = Inter-level travel time spent in this place.
 D = Time resting spent in this place.
 E = Time spent auto-exploring this place.
 F = Levels seen in this place.
 G = Mean time per level.
                   A        B        C        D        E       F      G
               +--------+--------+--------+--------+--------+-----+--------+
         Total |  11759 |  11347 |    412 |   1832 |   6213 |  14 |  839.9 |
       Dungeon |  11010 |  10598 |    412 |   1722 |   5937 |  11 | 1000.9 |
        Temple |     70 |     70 |      0 |      0 |     43 |   1 |   70.0 |
         Sewer |    350 |    350 |      0 |    110 |     98 |   1 |  350.0 |
       Ossuary |    327 |    327 |      0 |      0 |    135 |   1 |  327.0 |
               +--------+--------+--------+--------+--------+-----+--------+

Top non-repeatable levels by time:
     D:4: 1483 daAuts
     D:9: 1365 daAuts
     D:1: 1294 daAuts
     D:8: 1278 daAuts
     D:2: 1202 daAuts
     D:5: 962 daAuts
     D:6: 940 daAuts
    D:10: 849 daAuts
     D:7: 736 daAuts
     D:3: 591 daAuts
   Sewer: 350 daAuts
 Ossuary: 327 daAuts
    D:11: 305 daAuts
  Temple: 70 daAuts
